 Dungeon Crawl Stone Soup version 0.30-a0-4-ga7cffc901d (webtiles) character file.

Game seed: 11791672164833613536

584 siradein the Trooper (level 7, 0/56 HPs)
             Began as a Demonspawn Fighter on Aug 20, 2022.
             Was an Initiate of Kikubaaqudgha.
             Slain by a jelly (1 damage)
             ... on level 5 of the Dungeon.
             The game lasted 00:06:45 (4614 turns).

siradein the Trooper (Demonspawn Fighter)           Turns: 4614, Time: 00:06:45

Health: 0/56       AC: -3    Str: 17    XL:     7   Next: 14%
Magic:  7/7        EV:  9    Int: 11    God:    Kikubaaqudgha [......]
Gold:   253        SH:  6    Dex: 12    Spells: 6/6 levels left

rFire   . . .      SeeInvis .    a - +1 flail (freeze)
rCold   . . .      Faith    .    c - +1 buckler
rNeg    . . .      Spirit   .    b - +0 scale mail
rPois   .          Reflect  .    (no helmet)
rElec   .          Harm     .    (no cloak)
rCorr   .          Rampage  .    (no gloves)
Will    .....                    (no boots)
Stlth   ..........               (no amulet)
HPRegen 0.18/turn                (no ring)
MPRegen 0.10/turn                (no ring)

@: corroded
A: rugged brown scales 1, foul stench 1, weakness stinger 2
a: Renounce Religion


You were on level 5 of the Dungeon.
You worshipped Kikubaaqudgha.
Kikubaaqudgha was noncommittal.
You visited 2 branches of the dungeon, and saw 6 of its levels.

You collected 253 gold pieces.

Inventory:

Hand Weapons
 a - a +1 flail of freezing (weapon)
Armour
 b - a +0 scale mail (worn)
 c - a +1 buckler (worn)
Wands
 f - a wand of flame (33)
 j - a wand of polymorph (5)
Scrolls
 e - 2 scrolls of brand weapon
 h - a scroll of fear
 i - 2 scrolls of teleportation
Potions
 d - 3 potions of might
 g - a potion of lignification {unknown}
 k - a potion of heal wounds {unknown}
 l - a potion of flight {unknown}
 m - 2 potions of invisibility {unknown}
 o - a potion of curing {unknown}


   Skills:
 + Level 4.9 Fighting
 + Level 3.9 Maces & Flails
 + Level 4.6 Armour
 - Level 4.0 Shields


You had 6 spell levels left.
You didn't know any spells.
Your spell library was empty.

Dungeon Overview and Level Annotations

Branches:
Dungeon (5/15)             Temple (1/1) D:4

Altars:
Ashenzari
Fedhas
Gozag
Kikubaaqudgha
Makhleb
Okawaru
Qazlal
Trog
Vehumet
Xom


Innate Abilities, Weirdness & Mutations

You are partially covered in rugged brown scales. (AC +1, +3% HP)
You may rarely emit foul miasma when damaged in melee.
You have a tail ending in a sharp stinger.


Message History

The adder is moderately wounded.
You feel sick.
You are no longer poisoned.
The adder barely misses you. The adder closely misses you.
You hit the adder. You freeze the adder.
The adder is almost dead.
The adder bites you.
You are poisoned.
The adder poisons you!
You hit the adder.
The adder seems to slow down.
You freeze the adder.
You kill the adder!
Kikubaaqudgha accepts your kill.
You feel sick.
You hit the jelly. You freeze the jelly. The acid corrodes you!
Your hands burn!
You tail-slap the jelly, but do no damage.
The jelly is heavily wounded.
You feel sick. You block the jelly's attack.
You are too injured to fight recklessly!
You are too injured to fight recklessly!
You are too injured to fight recklessly!
You are too injured to fight recklessly!
You hit the jelly. You freeze the jelly. The acid corrodes you!
Your hands burn!
You tail-slap the jelly, but do no damage.
The jelly is almost dead.
You feel sick.
You are no longer poisoned.
The jelly hits you.
You are splashed with acid!
* * * LOW HITPOINT WARNING * * *
The jelly hits you.
* * * LOW HITPOINT WARNING * * *
You are splashed with acid!
* * * LOW HITPOINT WARNING * * *
You emit a cloud of foul miasma!
Unknown command.
Unknown command.
The jelly attacks as you move away! The jelly hits you.
You die...
Kikubaaqudgha rasps: "You have failed me!
Welcome... death!"

..## ...# ..
...# .## ... ..#
..##.# . ..#.##
#[.###J#..#
#....@#..#
####.....#
#####.## .
#..########
....###.<.......
........#######.
....##### .<


You could see a jelly.

Vanquished Creatures
  Duvessa (D:4)
  2 phantoms
  A necrophage (D:4)
  Dowan (D:4)
  A howler monkey (D:4)
  A jelly (D:5)
  A hound skeleton (D:4)
  8 adders
  A dart slug (D:2)
  7 bats
  6 endoplasms
  4 giant cockroaches
  4 hobgoblins
  7 jackals
  8 kobolds
  2 quokkas
  8 ball pythons
  A frilled lizard (D:3)
  8 goblins
  3 rats (D:2)
75 creatures vanquished.

Vanquished Creatures (others)
  2 withered plants (D:4)
2 creatures vanquished.

Grand Total: 77 creatures vanquished

Notes
Turn   | Place    | Note
-------+----------+-------------------------------------------
     0 | D:1      | siradein the Demonspawn Fighter began the quest for the
                  | Orb.
     0 | D:1      | Reached XP level 1. HP: 18/18 MP: 1/1
   285 | D:1      | Found a faded altar of an unknown god.
   424 | D:1      | Gained mutation: You have a small tail. [demonic ancestry]
   424 | D:1      | Reached XP level 2. HP: 22/24 MP: 2/2
  1005 | D:2      | Reached XP level 3. HP: 3/29 MP: 3/3
  1822 | D:2      | Gained mutation: You have a tail ending in a sharp stinger.
                  | [demonic ancestry]
  1822 | D:2      | Reached XP level 4. HP: 35/35 MP: 4/4
  2171 | D:3      | Noticed a phantom
  2185 | D:3      | Killed a phantom
  2186 | D:3      | Gained mutation: You may rarely emit foul miasma when
                  | damaged in melee. [demonic ancestry]
  2186 | D:3      | Reached XP level 5. HP: 16/42 MP: 5/5
  2785 | D:4      | Found a stormy altar of Qazlal.
  2992 | D:4      | Noticed Duvessa
  2993 | D:4      | Noticed Dowan
  3158 | D:4      | Noticed a phantom
  3189 | D:4      | Killed a phantom
  3190 | D:4      | Gained mutation: You are partially covered in rugged brown
                  | scales. (AC +1, +3% HP) [demonic ancestry]
  3190 | D:4      | Reached XP level 6. HP: 7/50 MP: 6/6
  3689 | D:4      | Found a radiant altar of Vehumet.
  3771 | D:4      | Found an ancient bone altar of Kikubaaqudgha.
  3845 | D:4      | Found a staircase to the Ecumenical Temple.
  4060 | Temple   | Entered the Ecumenical Temple
  4184 | D:4      | Became a worshipper of Kikubaaqudgha
  4218 | D:4      | Killed Duvessa
  4225 | D:4      | Killed Dowan
  4402 | D:4      | Found a burning altar of Makhleb.
  4411 | D:4      | Reached XP level 7. HP: 45/55 MP: 7/7
  4592 | D:5      | Entered Level 5 of the Dungeon
  4613 | D:5      | HP: 1/56 [acid (8)]
  4614 | D:5      | Slain by a jelly

Illustrated notes

Levels and vault maps discovered:
D:1:      dpeg_arrival_more_subterranean_lakeside_camping, layout_basic,
          chequers_ecumenical_altar_simple
D:2:      minmay_alternating_diamond, layout_basic
D:3:      layout_rooms, zin_statuary
D:4:      layout_layer_cave, kiku_gazebo_garden_becter,
          mainiacjoe_overflow_concentric_impassable, vehumet_altar_wand_db,
          makhleb_blood_cavern_becter, minmay_temple_entry_poolview,
          uniq_duvessa
D:5:      minmay_evil_eye, layout_loops_ring, minmay_bent, uniq_edmund
Temple:   nicolae_temple_superstar

Skill      XL: |  1  2  3  4  5  6 |
---------------+-------------------+-----
Maces & Flails | 2 3 |  3.9
Armour         | 3 4 |  4.6
Shields        | 3 4 |  4.0
Fighting       | 4 |  4.9

Action                   |  1- 3 |  4- 6 |  7- 9 || total
-------------------------+-------+-------+-------++-------
Melee: Flail             |   136 |   114 |    15 ||   265
       Tailslap          |    14 |    17 |     4 ||    35
       Unarmed           |       |    17 |       ||    17
  Use: Scroll            |       |     7 |       ||     7
 Stab: Confused          |       |     1 |       ||     1
Armor: Scale mail        |   102 |    55 |     2 ||   159
       Skin              |       |     3 |       ||     3
Dodge: Dodged            |    91 |    54 |     8 ||   153
Block: Buckler           |    42 |    37 |     3 ||    82

Table legend: (Time is in decaauts)
 A = Elapsed time spent in this place.
 B = Non-inter-level travel time spent in this place.
 C = Inter-level travel time spent in this place.
 D = Time resting spent in this place.
 E = Time spent auto-exploring this place.
 F = Levels seen in this place.
 G = Mean time per level.
                   A        B        C        D        E       F      G
               +--------+--------+--------+--------+--------+-----+--------+
         Total |   4696 |   4555 |    141 |      0 |   3909 |   6 |  782.7 |
       Dungeon |   4591 |   4467 |    124 |      0 |   3829 |   5 |  918.2 |
        Temple |    104 |     88 |     16 |      0 |     80 |   1 |  104.0 |
               +--------+--------+--------+--------+--------+-----+--------+

Top non-repeatable levels by time:
     D:4: 1682 daAuts
     D:2: 1229 daAuts
     D:1: 988 daAuts
     D:3: 665 daAuts
  Temple: 104 daAuts
     D:5: 24 daAuts
